AoeStats
← VIT Liereyy

Arabia

509313315Analyzed
1v1 RM · 5d ago on Sep 26, 2026· 20m 23s· 2 players
Game mode
Random Map
Map size
Tiny (2 player)
Population
200
Speed
Normal
Resources
Standard
Victory
Conquest
Starting age
Dark Age
Ending age
Imperial Age
RankedLock teamsTeams togetherTeam positionsShared explorationLock speedFull tech treeHidden civsTurbo modeCheats
Victory
Defeat
🇦🇹 Saxons · Austria
2972
+1
🇪🇸 Varangians · Spain
1846
-1
VIT Liereyy
8:17 Loom
10:23 Feudal Age
14:07 Castle Age
12:55 Double-Bit Axe
19:31 Bow Saw
20:14 Scale Mail Armor
OSO_CT
5:39 Loom
8:54 Feudal Age
9:33 Double-Bit Axe
13:18 Fletching
Connection lost

Rejoining the realm…

Still unreachable

The connection could not be restored.

Session expired

The server has moved on; the page needs a fresh start.